 Dungeon Crawl Stone Soup version 0.31-a0-848-gaac375c287 (webtiles) character file.

Game seed: 89620371242966136

74 ytrimaz the Insei (level 4, 0/48 HPs)
             Began as a Demonspawn Shapeshifter on Oct 4, 2023.
             Slain by a gnoll
             ... wielding a +0 club
              (2 damage)
             ... on level 2 of the Dungeon.
             The game lasted 00:01:25 (932 turns).

ytrimaz the Insei (Demonspawn Shapeshifter)          Turns: 932, Time: 00:01:26

Health: 0/48       AC: 22    Str: 14    XL:     4   Next: 10%
Magic:  4/4        EV:  2    Int: 11    God:
Gold:   82         SH:  0    Dex: 15    Spells: 3/3 levels left

rFire   . .          .
                       - Unarmed
rCold   . . .        (no shield)
rNeg    + . .        a - melded +0 animal skin
rPois   +            (helmet currently unavailable)
rElec   .            (cloak currently unavailable)
rCorr   .            (gloves currently unavailable)
SInv    .            (boots currently unavailable)
Will    .....        (no amulet)
Stlth   +            e - ring of positive energy
HPRegen 0.28/turn    (no ring)
MPRegen 0.09/turn

%: no passive effects
@: mighty, lethally poisoned (0 -> -2), tree-form
A: stationary, stasis, torment immunity, boosted hp, demonic guardian 1,
(weakness stinger 1)
a: no special abilities


You were on level 2 of the Dungeon.
You were a tree.
You visited 1 branch of the dungeon, and saw 2 of its levels.

You collected 82 gold pieces.


Innate Abilities, Weirdness & Mutations

You are a tree.
Your roots penetrate the ground, keeping you stationary.
You cannot be teleported.
You are immune to unholy pain and torment.
Your maximum health is greatly increased.
Your equipment is partially melded.
A weak demonic guardian rushes to your aid.
((You have a small tail.))


   Skills:
 - Level 1.0 Fighting
 - Level 1.7 Dodging
 + Level 3.7 Unarmed Combat
 + Level 3.5 Shapeshifting


You had 3 spell levels left.
You didn't know any spells.
Your spell library was empty.

Inventory:

Armour
 a - a +0 animal skin (melded)
Jewellery
 e - a ring of positive energy (left branch)
   (You found it on level 1 of the Dungeon)
 h - a ring of fire
   (You found it on level 1 of the Dungeon)
Talismans
 c - a beast talisman
 d - a flux talisman
Wands
 m - a wand of mindburst (18)
   (You found it on level 2 of the Dungeon)
Scrolls
 f - 2 scrolls of identify {unknown}
 j - a scroll of noise {unknown}
 l - a scroll of blinking {unknown}
 n - a scroll of fear {unknown}
Potions
 i - a potion of berserk rage {unknown}
 k - a potion of curing {unknown}

Dungeon Overview and Level Annotations

Branches:
Dungeon (2/15) Zot: 11073

Altars:
Ashenzari

Shops:
D:1

* .## .. #.###..###### #
........#.... . #
........#....... # #.#
...............# #
#.###.......!...>...#
####.##......#... .....#
)ā€ ##.#..#.....gg##......
....(...#......Sā™£!....?.
.#.....<.......g5.#.....
........................
#.......................
........................
##.....######...###.....
....##.## #..## .....
........# #..# .....
......#.#####..## ..


You could see 3 gnolls, an adder and a friendly iron imp (summoned).


Message History

You take 4 damage, and now have 28/32 hp.
You closely miss the hobgoblin. The hobgoblin hits you.
The goblin barely misses you. šŸ˜® HP[-4]
You take 4 damage, and now have 24/32 hp.
You are too injured to fight recklessly!
You hit the hobgoblin.
Your tail-slap misses the hobgoblin.
The goblin closely misses you. The hobgoblin hits you. šŸ˜® HP[-2]
You take 2 damage, and now have 22/32 hp.
You are too injured to fight recklessly!
You are too injured to fight recklessly!
Unknown command.
You are too injured to fight recklessly!
You hit the goblin. The goblin completely misses you.
The hobgoblin closely misses you.
You barely miss the goblin.
Your tail-slap misses the goblin.
The hobgoblin closely misses you. The goblin closely misses you.
You are too injured to fight recklessly!
Unknown command.
You are too injured to fight recklessly!
You hit the goblin. The goblin barely misses you.
The hobgoblin barely misses you.
You are too injured to fight recklessly!
You hit the hobgoblin.
You kill the hobgoblin!
The goblin hits you with a +0 club. šŸ˜® HP[-1]
You take 1 damage, and now have 21/32 hp.
You hit the goblin. The goblin barely misses you. The goblin misses you.
Things that are here:
13 gold pieces; a hobgoblin corpse You are too injured to fight recklessly!
The goblin barely misses you.
You are too injured to fight recklessly!
You are too injured to fight recklessly!
You barely miss the goblin. You tail-slap the goblin.
You kill the goblin! šŸ˜® HP[+1]
Things that are here:
a +0 club; a goblin corpse You are too injured to fight recklessly!
You now have 82 gold pieces (gained 13).
You see here a hobgoblin corpse.
Key pressed, stopping explore.
A gnoll comes into view. It is wielding a +0 spear.
Found a silvery potion.
Found a stone staircase leading down. šŸ˜Ž HP[+10]
Your hp is fully restored (32).
A gnoll is nearby!
A gnoll is nearby!
A gnoll is nearby!
The gnoll shouts! x2; You hear an angry hiss.
An adder comes into view.
A rat comes into view.
The gnoll shouts!
The gnoll barely misses you. The adder bites you.
You are poisoned.
The adder poisons you! The gnoll hits you with a +0 spear.
The gnoll closely misses you. šŸ˜• HP[-7]
You take 7 damage, and now have 25/32 hp.
MASSIVE DAMAGE!! (PAUSE)
You feel sick.
The gnoll hits you from afar with a +0 spear.
The gnoll attacks as it pursues you!
The gnoll hits you from afar with a +0 halberd.
* * * LOW HITPOINT WARNING * * *
The adder closely misses you. šŸ˜Ø HP[-12]
You take 12 damage, and now have 13/32 hp.
MASSIVE DAMAGE!! (PAUSE)
Okay, then.
Okay, then.
You feel sick. The adder bites you but does no damage.
The gnoll hits you with a +0 spear.
* * * LOW HITPOINT WARNING * * *
The gnoll hits you from afar with a +0 halberd!
* * * LOW HITPOINT WARNING * * *
A demonic guardian appears! šŸ˜± HP[-10]
You take 10 damage, and now have 3/32 hp.
MASSIVE DAMAGE!! (PAUSE)
Your transformation has ended.
You turn into a tree.
Your +0 animal skin melds into your body.
Your roots penetrate the ground.
You feel sick. The adder bites you but does no damage.
The gnoll hits you with a +0 spear.
* * * LOW HITPOINT WARNING * * *
The gnoll hits you but does no damage. x2
You now have 48 max hp (+16).
Unknown command.
It was a potion of might.
You feel very mighty all of a sudden.
* * * LOW HITPOINT WARNING * * *
You feel sick. The adder bites you but does no damage.
The gnoll hits you but does no damage. The gnoll hits you with a +0 club.
You die...

Skill      XL: |  1  2 |
---------------+-------+-----
Unarmed Combat | 3 |  3.7
Shapeshifting  | 3 |  3.5
Fighting       | |  1.0
Dodging        | |  1.7

Action                     |  1- 3 |  4- 6 || total
---------------------------+-------+-------++-------
  Melee: Unarmed           |    97 |    10 ||   107
         Tailslap          |     4 |     1 ||     5
         Punch             |     1 |       ||     1
    Use: Potion            |       |     2 ||     2
 Armour: Animal skin       |    48 |    11 ||    59
         Skin              |       |     7 ||     7
  Dodge: Dodged            |    70 |    16 ||    86

Levels and vault maps discovered:
D:1:      matt_arrival_refuge, layout_rooms, serial_shops, shop
D:2:      layout_rooms, basic_altar, kennysheep_cross_bottleneck, uniq_jessica

Notes
Turn   | Place    | Note
-------+----------+-------------------------------------------
     0 | D:1      | ytrimaz the Demonspawn Shapeshifter began the quest for the
                  | Orb.
     0 | D:1      | Reached XP level 1. HP: 15/15 MP: 1/1
     0 | D:1      | magus.rc [v1.9.6]
   228 | D:1      | Reached skill level 3 in Unarmed Combat
   235 | D:1      | Gained mutation: You have a small tail. [demonic ancestry]
   235 | D:1      | Reached XP level 2. HP: 17/21 MP: 2/2
   247 | D:1      | Reached skill level 3 in Shapeshifting
   394 | D:1      | Found Beutohou's General Store.
   669 | D:2      | Found a broken altar of Ashenzari.
   678 | D:2      | Gained mutation: A weak demonic guardian rushes to your
                  | aid. [demonic ancestry]
   678 | D:2      | Reached XP level 3. HP: 25/26 MP: 3/3
   734 | D:2      | Noticed Jessica
   740 | D:2      | Killed Jessica
   781 | D:2      | Reached XP level 4. HP: 14/32 MP: 4/4
   859 | D:2      | Identified the +5 dagger of the Unseen Realm {drain, rElec
                  | Stlth+}
   930 | D:2      | HP: 3/32 [gnoll/+0 halberd (7)]
   932 | D:2      | Slain by a gnoll

Vanquished Creatures
  Jessica (D:2)
  A gnoll (D:2)
  2 dart slugs (D:1)
  3 endoplasms
  4 goblins
  5 hobgoblins
  4 kobolds
  3 ball pythons (D:1)
  4 bats
  A frilled lizard (D:1)
  7 rats
35 creatures vanquished.

Table legend:
 A = Non-vault XP
 B = Vault XP
 C = Vault XP percentage of total XP
 D = Non-vault monster count
 E = Vault monster count
 F = Vault count percentage of total count
                 A         B        C        D         E       F
            +---------+---------+-------+---------+---------+-------
      Total |      70 |      37 |  34.6 |      34 |       1 |   2.9
            +---------+---------+-------+---------+---------+-------
        D:1 |      38 |       0 |   0.0 |      21 |       0 |   0.0
        D:2 |      32 |      37 |  53.6 |      13 |       1 |   7.1
            +---------+---------+-------+---------+---------+-------

Skill      XL: |  1  2 |
---------------+-------+-----
Unarmed Combat | 3 |  3.7
Shapeshifting  | 3 |  3.5
Fighting       | |  1.0
Dodging        | |  1.7

Action                     |  1- 3 |  4- 6 || total
---------------------------+-------+-------++-------
  Melee: Unarmed           |    97 |    10 ||   107
         Tailslap          |     4 |     1 ||     5
         Punch             |     1 |       ||     1
    Use: Potion            |       |     2 ||     2
 Armour: Animal skin       |    48 |    11 ||    59
         Skin              |       |     7 ||     7
  Dodge: Dodged            |    70 |    16 ||    86

Illustrated notes

Table legend:
 A = Kills in this place as a percentage of kills in the entire game.
 B = Kills by you in this place as a percentage of kills by you in the entire game.
 C = Kills by friends in this place as a percentage of kills by friends in the entire game.
 D = Other kills in this place as a percentage of other kills in the entire game.
 E = Experience gained in this place as a percentage of experience gained in the entire game.
 F = Experience gained in this place divided by the number of levels of this place that you have seen.
                   A       B       C       D       E      F
               +-------+-------+-------+-------+-------+----------------------
         Total | 100.0 | 100.0 |   N/A |   N/A | 100.0 |  53.5
       Dungeon | 100.0 | 100.0 |   N/A |   N/A | 100.0 |  53.5
               +-------+-------+-------+-------+-------+----------------------

Table legend: (Time is in decaauts)
 A = Elapsed time spent in this place.
 B = Non-inter-level travel time spent in this place.
 C = Inter-level travel time spent in this place.
 D = Time resting spent in this place.
 E = Time spent auto-exploring this place.
 F = Levels seen in this place.
 G = Mean time per level.
                   A        B        C        D        E       F      G
               +--------+--------+--------+--------+--------+-----+--------+
         Total |    925 |    911 |     14 |     68 |    568 |   2 |  462.5 |
       Dungeon |    925 |    911 |     14 |     68 |    568 |   2 |  462.5 |
               +--------+--------+--------+--------+--------+-----+--------+

Top non-repeatable levels by time:
     D:1: 657 daAuts
     D:2: 268 daAuts
